 Dungeon Crawl Stone Soup version 0.31.0-11-ge490571c62 (webtiles) character file.

Game seed: 7206938423967845204

1849155 OlivierBoivin the Sorcerer (level 27, 205/205 HPs)
             Began as a Djinni Earth Elementalist on Jan 26, 2024.
             Was a High Priest of Makhleb.
             Escaped with the Orb
             ... and 3 runes on Jan 27, 2024!
             The game lasted 04:39:01 (56179 turns).

OlivierBoivin the Sorcerer (DjEE)                  Turns: 56179, Time: 04:39:01

Health: 205/205    AC: 23    Str:  8    XL:     27
Gold:   3393       EV: 23    Int: 36    God:    Makhleb [*****.] SH: 27 Dex: 16

rFire   + + .        v - staff of cold
rCold   + . .        x - +3 tower shield
rNeg    + . .        l - +3 ring mail "Atufihui" {Str+2 Int+6}
rPois   ∞            a - +2 hat {Stlth+}
rElec   +            B - +4 dragonskin cloak
rCorr   +            g - +2 pair of gloves of the Five Songs {rElec rC+ rCorr Int-4}
SInv    +            (boots unavailable)
Will    ++...        s - amulet of Vitality {RegenMP++ Regen++}
Stlth   +            P - ring "Ijol" {Wiz Dex+2}
HPRegen 2.14/turn    X - ring of False Pretenses {rN+ EV+5}
MPRegen 0.00/turn

%: wizardry (x1)
@: flying, studying 3 skills
A: sickness immunity, fire resistance 2, cold vulnerability 1, float, innate
caster, HP casting, extra vitality 1, see invisible, clever 1, electricity
resistance, sturdy frame 1
0: Orb of Zot
}: 3/15 runes: serpentine, barnacled, slimy
a: Renounce Religion, Minor Destruction, Lesser Servant of Makhleb, Major
Destruction, Greater Servant of Makhleb


You escaped.
You worshipped Makhleb.
Makhleb was extremely pleased with you.
You visited 10 branches of the dungeon, and saw 49 of its levels.
You also visited: Gauntlet and Desolation.

You collected 7507 gold pieces.
You spent 4114 gold pieces at shops.

Inventory:

Hand Weapons
 K - the +8 quarterstaff "Irhelixa" {holy, MP+9 Stlth+}
   (You found it on level 5 of the Pits of Slime)

   MP+9:      It affects your magic capacity (+9).
   Stlth+:    It makes you more stealthy.
Missiles
 L - 20 poisoned darts
 R - 3 curare-tipped darts
Armour
 a - a +2 hat of stealth (worn)
 g - the +2 pair of gloves of the Five Songs (worn) {rElec rC+ rCorr Int-4}
   (You acquired it on level 4 of the Lair of Beasts)

   Int-4:     It affects your intelligence (-4).
   rC+:       It protects you from cold.
   rElec:     It insulates you from electricity.
   rCorr:     It protects you from acid and corrosion.
 l - the +3 ring mail "Atufihui" (worn) {Str+2 Int+6}
   (You found it on level 14 of the Dungeon)

   Str+2:     It affects your strength (+2).
   Int+6:     It affects your intelligence (+6).
 x - a +3 tower shield (worn)
 B - the +4 dragonskin cloak (worn)
   (You took it off Tiamat on level 2 of the Realm of Zot)

   Avatar's Aegis: It grants the wearer a chance to resist fire, cold, poison,
   electricity, acid, and negative energy.
 T - the -2 hat of the Alchemist {rElec rPois rF+ rC+ rN+ Will+ rMut rCorr}
   (You found it on level 5 of the Pits of Slime)

   rF+:       It protects you from fire.
   rC+:       It protects you from cold.
   rElec:     It insulates you from electricity.
   rPois:     It protects you from poison rN+: It protects you from negative
   energy.
   Will+:     It increases your willpower.
   rCorr:     It protects you from acid and corrosion.
   rMut:      It protects you from mutation.
 U - the +1 cloak of Parlour Games {rC++ Dex+3}
   (You found it on level 1 of the Depths)

   Dex+3:     It affects your dexterity (+3).
   rC++:      It greatly protects you from cold.
Magical Staves
 b - the staff "Ukkosch" {rPois Str+6 Earth}
   (You acquired it on level 2 of the Dungeon)

   [staff of earth]

   Base accuracy: +5 Base damage: 5 Base attack delay: 1.2 This weapon's minimum
   attack delay (0.6) is reached at skill level 12.
   Str+6:     It affects your strength (+6).
   rPois:     It protects you from poison Earth: It increases the power of your
   Earth spells.
   It falls into the 'Staves' category.
   It is a one-handed weapon.
 v - a staff of cold (weapon)
Jewellery
 i - a +4 ring of protection
 s - the amulet of Vitality (around neck) {RegenMP++ Regen++}
   (You took it off a merfolk javelineer on level 4 of the Shoals)

   [amulet of magic regeneration]

   RegenMP:   It increases your rate of magic regeneration.
   Regen++:   It increases your rate of health regeneration.
 M - a ring of see invisible
 P - the ring "Ijol" (left hand) {Wiz Dex+2}
   (You bought it in a shop on level 1 of the Depths)

   [ring of wizardry]

   Wiz:       It improves your spell success rate.
   Dex+2:     It affects your dexterity (+2).
 Q - an amulet of faith
 X - the ring of False Pretenses (right hand) {rN+ EV+5}
   (You found it in the Desolation of Salt)

   [ring of evasion]

   EV+5:      It affects your evasion (+5).
   rN+:       It protects you from negative energy.
 Y - a ring of ice
Wands
 d - a wand of iceblast (82)
 z - a wand of light (15)
 G - a wand of digging (23)
 J - a wand of paralysis (30)
 S - a wand of polymorph (16)
Scrolls
 c - 5 scrolls of brand weapon
 h - 20 scrolls of teleportation {@r3}
 j - 7 scrolls of immolation
 m - 7 scrolls of fear
 p - 3 scrolls of silence
 r - 10 scrolls of vulnerability
 u - 2 scrolls of blinking
 y - 8 scrolls of fog {@r2}
 C - 9 scrolls of poison
 I - 3 scrolls of revelation
 V - 10 scrolls of noise
 W - 8 scrolls of amnesia
 Z - 5 scrolls of enchant weapon
Potions
 f - 6 potions of cancellation
 k - 7 potions of might {@q3}
 n - a potion of haste
 o - a potion of resistance
 q - 4 potions of brilliance
 t - 19 potions of curing {@q1}
 A - 7 potions of enlightenment
 D - 4 potions of lignification
 F - 5 potions of invisibility
 H - 2 potions of ambrosia
 N - 8 potions of attraction
 O - 8 potions of heal wounds {@q2}
Miscellaneous
 w - a condenser vane
 E - a phial of floods


   Skills:
 - Level 20.0 Fighting
 - Level 17.3 Armour
 - Level 15.0 Dodging
 - Level 1.5 Stealth
 + Level 24.5 Shields
 - Level 25.0 Spellcasting
 - Level 18.7 Conjurations
 - Level 18.7 Hexes
 - Level 18.7 Summonings
 - Level 18.7 Necromancy
 - Level 18.7 Translocations
 - Level 18.7 Fire Magic
 - Level 18.7 Ice Magic
 - Level 18.7 Air Magic
 - Level 21.6 Earth Magic
 - Level 18.7 Alchemy
 + Level 22.5 Invocations


You knew the following spells:

 Your Spells              Type           Power      Damage    Failure   Level
a - Stone Arrow           Conj/Erth      100%       3d13      0%          3
b - Irradiate             Conj/Alch      55%        3d30      0%          5
c - Ignition              Fire           55%        3d15      1%          8
d - Eringya's Noxious Bo  Alch           55%        4d6       1%          6
e - Ozocubu's Refrigerat  Ice            66%        4d22      1%          7
f - Spellforged Servitor  Conj/Summ      55%        N/A       1%          7
g - Jinxbite              Hex            100%       N/A       0%          2
h - Vampiric Draining     Necr           100%       2d13      0%          3
i - Hailstorm             Conj/Ice       100%       3d16      0%          3
j - Sandblast             Erth           100%       2d20      0%          1
k - Passwall              Erth           100%       N/A       0%          3
l - Petrify               Alch/Erth      100%       N/A       0%          4
m - Shock                 Conj/Air       100%       1d9       0%          1
n - Brom's Barrelling Bo  Conj/Erth      100%       2d11      0%          4
o - Maxwell's Capacitive  Air            55%        ∞         1%          8
p - Monstrous Menagerie   Summ           55%        N/A       1%          7
q - Summon Lightning Spi  Summ/Air       100%       N/A       0%          4
r - Fire Storm            Conj/Fire      55%        8d14      21%         9
Your spell library was empty.

Dungeon Overview and Level Annotations

Branches:
Dungeon (15/15)            Temple (1/1) D:5            Lair (5/5) D:11
 Shoals (4/4) Lair:2        Snake (4/4) Lair:2        Slime (5/5) Lair:4
    Orc (2/2) D:12            Elf (0/3) Orc:2        Vaults (4/5) D:13
  Crypt (0/3) Vaults:2     Depths (4/4) D:15            Zot (5/5) Depths:4
Desolation (visited)      Gauntlet (visited)

Altars:
Ashenzari
Cheibriados
Dithmenos
Elyvilon
Fedhas
Gozag
Hepliaklqana
Makhleb
Nemelex Xobeh
Okawaru
Qazlal
Ru
Trog
Uskayaw
Wu Jian
Xom
Yredelemnul
Zin
The Shining One
Jiyva

Shops:
D:7 (   D:8 =   D:10 (   D:13 !   Orc:2 !(!*   Shoals:2 (   Snake:2 ?(*[
Snake:4 ::   Vaults:2 (*:?:   Vaults:3 *   Vaults:4 ?   Depths:1 =
Depths:3 (*

Portals:
Hell: Depths:1 Depths:2 Depths:3 Depths:4
Abyss: Depths:1 Depths:2 Depths:3 Depths:4
Pandemonium: Depths:2
Ziggurat: Depths:4

Annotations:
D:6 2 transporters, Zeo's ghost, novice DrHu
D:10 2 runed translucent doors, scisormetimb3rs's ghost, novice DsFi
Shoals:3 Roxanne
Vaults:4 2 transporters, exclusion: orange crystal statue, FoolsGold's ghost, adept MiBe
Zot:4 exclusion: downstairs


Innate Abilities, Weirdness & Mutations

You are immune to sickness and miasma.
You are immune to poison.
Your flesh is very heat resistant. (rF++)
You are vulnerable to cold. (rC-)
You float through the air rather than walking.
You learn spells naturally, not from books.
Your magical power is your life essence.
You have superior vitality. (+4 MHP)
You have supernaturally acute eyesight. (SInv)
Your mind is acute. (Int +4, Str/Dex -1)
You are resistant to electric shocks. (rElec)
Your movements are slightly less encumbered by armour. (ER -2)


Message History

Press: ? - help, v - describe, . - travel
Here: a hellwing The floor.
Casting: Ozocubu's Refrigeration (mildly dangerous; 1% risk of failure)
Press: ? - help, Q - select action, (/) - cycle Dir - look around, f - activate You feel a surge of power!
The heat is drained from your surroundings.
You kill the hellwing!
Makhleb accepts your kill.
What level of the Dungeon? (default 1, ? - help)
Okay, then.
Unknown command.
Okay, then.
Okay, then.
Okay, then.
What level of the Dungeon? (default 1, ? - help)
You fly upwards.
HP restored.
There is a stone staircase leading down here.
You see here a +0 whip.
You see here a +0 mace.
There is a stone staircase leading up here.
You fly upwards.
There is a stone staircase leading down here.
There is a stone staircase leading up here.
You fly upwards.
There is a stone staircase leading down here.
You see here a +0 short sword.
There is a stone staircase leading up here.
You fly upwards.
There is a stone staircase leading down here.
There is an open door here.
Ecephumo comes into view.
Okay, then.
Press: ? - help, v - describe, . - travel
Here: Ecephumo The floor.
Blink to where?
Press: ? - help, Dir - move target
As you read the scroll of blinking, it crumbles to dust.
You have escaped!

#..[.# #.# #.....#. ##.#.# #.#
######.###... #.#.#
#.###...#....#...
#.#.####.##.............
#.#....#.#............##
#.####.....)..........## #.#
###..............## #.#
#########...[....## #.# #.@.##
#..#...#.# #.# ###...##
##.###...# #######.###>##...#
#....>### ##...##...##~.#...##
#..#### ##..........#~.##...#
#..###
#...........#≈≈.#...###....#####
#...........#≈~~##..§##.##.....>
#...........#≈~~~'...'......####
##..........#≈~~##...#.####&####


There were no monsters in sight!

Vanquished Creatures
  the Royal Jelly (Slime:5)
  A dread lich (Zot:4)
  9 orbs of fire
  Parghit (Zot:3)
  2 Killer Klowns (Zot:5)
  Saint Roka (Vaults:1)
  Margery (Vaults:2)
  A curse toe (Zot:5)
  Vashnia (Snake:2)
  6 caustic shrikes
  15 golden dragons
  Nikola (Shoals:2)
  4 bone dragons
  A Tzitzimitl (Zot:1)
  3 electric golems
  16 tentacled monstrosities
  Jorgrun (D:12)
  Mlioglotl (Snake:4)
  Zenata (Vaults:4)
  A walking crystal tome (Depths:2)
  A walking earthen tome (Depths:2)
  25 Orb Guardians
  2 titans (Depths:2)
  A walking divine tome (Depths:3)
  Grunn (Zot:1)
  Polyphemus (Shoals:2)
  14 acid blobs
  11 death cobs
  An Executioner (Zot:5)
  9 sphinxes
  6 quicksilver dragons
  Agnes (Snake:4)
  4 tengu reavers
  Donald (Shoals:3)
  9 azure jellies (Slime:5)
  14 storm dragons
  5 shadow dragons
  4 rockslimes
  8 draconian scorchers
  15 fire giants
  6 nagarajas
  9 vault wardens
  9 protean progenitors
  5 draconian knights
  12 draconian monks
  4 draconian shifters
  2 deep elf sorcerers
  2 imperial myrmidons (Desolation)
  A ghost moth (Zot:2)
  12 frost giants
  18 ironbound preservers
  3 draconian annihilators
  4 orc warlords
  4 spriggan defenders
  13 very ugly things
  An angel (Shoals:4)
  9 quicksilver oozes
  4 draconian stormcallers
  7 ironbound thunderhulks
  13 stone giants
  5 formless jellyfish
  A putrid mouth (Zot:1)
  4 vampire knights
  9 black draconians
  9 green draconians
  A deep elf annihilator (Depths:2)
  17 yellow draconians
  A war gargoyle (Vaults:3)
  3 dire elephants
  19 red draconians
  9 purple draconians
  15 white draconians
  A halazid warlock (Desolation)
  6 spark wasps
  Azrael (Lair:2)
  4 merfolk javelineers
  Josephine (D:14)
  13 ettins
  10 fire dragons
  An entropy weaver (Vaults:3)
  An entropy weaver (shapeshifter) (D:10)
  14 merfolk impalers (Shoals:4)
  2 crystal guardians
  3 rakshasas
  13 yaktaur captains
  10 great orbs of eyes
  7 ragged hierophants (Desolation)
  6 servants of whispers (Desolation)
  10 ice dragons
  Fannar (D:12)
  10 vault guards
  Erolcha (D:13)
  11 peacekeepers
  5 ogre magi
  4 spriggan air magi
  A radroach (Zot:4)
  3 death knights
  Erica (Orc:1)
  A merfolk avatar (Shoals:4)
  4 centaur warriors
  11 anacondas
  4 catoblepae
  8 boulder beetles
  A hell beast (Depths:4)
  8 ironbound frosthearts
  3 alligator snapping turtles
  19 two-headed ogres
  10 merfolk aquamancers
  7 tengu warriors
  23 death yaks
  8 naga warriors
  5 deep troll shamans
  6 spriggan berserkers
  5 vampire magi
  An occultist (Depths:2)
  An orc high priest (Vaults:1)
  5 deep troll earth magi
  13 naga sharpshooters
  8 shock serpents
  4 skysharks
  A skeletal warrior (D:15)
  4 hell knights
  16 sea snakes
  2 sixfirhies
  A skyshark (shapeshifter) (Depths:2)
  An iron troll (Depths:3)
  2 cherubim (Shoals:4)
  An orb spider (shapeshifter) (Depths:1)
  3 mana vipers
  9 glowing orange brains
  47 deep trolls
  4 flayed ghosts (Depths:2)
  11 harpies
  9 arcanists
  2 naga ritualists (Snake:1)
  14 ironbound convokers
  5 lindwurms
  A phantasmal warrior (D:15)
  14 orc knights
  A wolf spider (Gauntlet)
  3 necromancers
  A shining eye (Depths:4)
  2 oklob plants
  3 deep elf pyromancers
  21 manticores
  7 fauns (Shoals:1)
  An orc sorcerer (Vaults:1)
  8 cyclopes
  7 salamanders
  2 fauns (shapeshifter)
  41 ugly things
  24 moths of wrath
  3 merfolk sirens
  Joseph (D:9)
  19 black mambas
  A centaur zombie (D:15)
  3 meliai (D:13)
  10 vault sentinels
  9 guardian serpents
  22 elephants
  2 torpor snails (Lair:4)
  A cane toad (shapeshifter) (D:14)
  A gargoyle (D:11)
  A molten gargoyle (Desolation)
  4 water nymphs
  3 eyes of devastation
  21 naga magi
  A centaur skeleton (D:15)
  A minotaur zombie (Gauntlet)
  4 rime drakes
  10 cane toads
  2 freezing wraiths
  2 unseen horrors
  29 yaktaurs
  2 kobold demonologists (D:10)
  13 komodo dragons
  5 tengu conjurers
  27 merfolk
  5 wind drakes
  A hellwing (D:5)
  8 trolls
  7 polar bears
  2 hornets (D:10)
  A glass eye (Depths:2)
  Grinder (D:6)
  41 saltlings (Desolation)
  4 tarantellas (Zot:4)
  A tyrant leech (Zot:3)
  9 snapping turtles
  Prince Ribbit (D:9)
  15 blink frogs
  7 dream sheep
  78 slime creatures
  13 water elementals
  26 yaks
  5 shadows
  7 wraiths
  20 humans (D:13)
  5 wyverns
  A wyvern (shapeshifter) (D:14)
  3 basilisks
  A golden eye (Slime:5)
  4 fire elementals (Lair:2)
  A neqoxec (Depths:4)
  A steam dragon (D:6)
  8 redbacks
  2 redbacks (shapeshifter)
  31 nagas
  Duvessa (D:4)
  2 acid dragons
  18 water moccasins
  3 hell hounds
  16 orc warriors
  An ice beast (D:7)
  2 sky beasts
  5 black bears
  25 ogres
  4 boggarts (Vaults:2)
  10 wolves
  12 centaurs
  A phantom (D:7)
  3 kobold brigands
  3 scorpions
  8 bullfrogs
  2 gnoll sergeants (D:10)
  13 wights
  Dowan (D:4)
  13 killer bees
  4 electric eels (Snake:2)
  A howler monkey (D:8)
  2 lava snakes (Lair:3)
  A crimson imp (D:6)
  4 bombardier beetles
  A gnoll bouda (D:4)
  10 orc priests
  A hound (D:7)
  Natasha (thrice) (D:4)
  9 iguanas
  21 orc wizards
  11 gnolls
  7 adders
  A shadow imp (D:7)
  6 ufetubi
  3 dart slugs
  3 ribbon worms
  64 orcs
  4 endoplasms
  2 giant cockroaches
  6 hobgoblins
  19 kobolds
  2 quokkas
  3 ball pythons
  A bat (D:1)
  11 frilled lizards
  8 goblins
  6 rats
  4 aspiring fleshes
1862 creatures vanquished.

Vanquished Creatures (collateral kills)
  Tiamat (Zot:2)
  Mara (Shoals:3)
  Vv (Zot:2)
  2 doom hounds (Zot:1)
  A Tzitzimitl (Zot:1)
  Rupert (D:14)
  A lich (Depths:2)
  An acid blob (Slime:5)
  A searing wretch (Vaults:2)
  4 rockslimes (Slime:5)
  A nagaraja (Snake:4)
  An azure jelly (Slime:2)
  3 frost giants
  A protean progenitor (Zot:3)
  A very ugly thing (Depths:2)
  A vampire knight (Depths:2)
  2 ironbound thunderhulks (Vaults:3)
  A stone giant (Depths:2)
  A minotaur (Gauntlet)
  2 halazid warlocks (Desolation)
  An ettin (Depths:2)
  A servant of whispers (Desolation)
  A yaktaur captain (Vaults:4)
  A deep elf high priest (Vaults:2)
  A peacekeeper (Desolation)
  An ice dragon (Depths:2)
  A vault guard (Vaults:4)
  A boulder beetle (Lair:4)
  A merfolk aquamancer (Shoals:4)
  A death yak (Lair:4)
  4 naga warriors
  A two-headed ogre (D:15)
  A glowing orange brain (Slime:5)
  3 sea snakes (Snake:4)
  An arcanist (Vaults:1)
  A lindwurm (Vaults:1)
  2 orc knights (Vaults:1)
  A harpy (Shoals:4)
  4 ugly things
  A manticore (Shoals:2)
  Maurice (D:9)
  4 elephants
  2 black mambas
  A guardian serpent (Snake:4)
  A vault sentinel (Vaults:1)
  4 naga magi
  2 komodo dragons
  2 yaktaurs (Vaults:4)
  A freezing wraith (D:15)
  2 centaur skeletons (D:15)
  A tengu conjurer (Depths:2)
  2 polar bears
  A wind drake (Shoals:2)
  A glass eye (Slime:5)
  4 saltlings (Desolation)
  A blink frog (Lair:2)
  8 slime creatures
  A wyvern (Lair:3)
  3 yaks
  A basilisk (D:11)
  6 nagas
  A naga (shapeshifter) (Depths:2)
  2 water moccasins
  An orc warrior (D:9)
  2 black bears (Lair:2)
  An ogre (Orc:1)
  7 iguanas (Lair:3)
  2 gnolls (D:10)
  5 orcs
  A kobold (D:9)
  3 frilled lizards (Lair:3)
  4 boulders (Lair:1)
135 creatures vanquished.

Vanquished Creatures (others)
  A golden dragon (Zot:1)
  A quicksilver dragon (Zot:2)
  A fire dragon (Zot:1)
  A cherub (Shoals:4)
  An unseen horror (D:11)
  A yaktaur (Vaults:4)
  2 saltlings (Desolation)
  6 boulders (Lair:1)
14 creatures vanquished.

Grand Total: 2011 creatures vanquished

Notes
Turn   | Place    | Note
-------+----------+-------------------------------------------
     0 | D:1      | OlivierBoivin the Djinni Earth Elementalist began the quest
                  | for the Orb.
     0 | D:1      | OlivierBoivin set off with the following spells memorised:
                  | Sandblast, Passwall, Stone Arrow, Petrify, Brom's
                  | Barrelling Boulder.
     0 | D:1      | Reached XP level 1. HP: 15/15 MP: 0/0
    89 | D:1      | Reached skill level 1 in Fighting
   141 | D:1      | Reached XP level 2. HP: 21/22 MP: 0/0
   464 | D:1      | Reached XP level 3. HP: 25/29 MP: 0/0
   464 | D:1      | Learned a level 1 spell: Shock
   680 | D:2      | Identified a scroll of acquirement
   682 | D:2      | Acquired the staff "Ukkosch" {rPois Str+6 Earth}
   685 | D:2      | Found an opulent altar of Gozag.
  1307 | D:2      | Reached XP level 4. HP: 33/35 MP: 0/0
  1498 | D:3      | Found a snail-covered altar of Cheibriados.
  1696 | D:3      | Reached XP level 5. HP: 35/42 MP: 0/0
  1696 | D:3      | Learned a level 2 spell: Jinxbite
  1772 | D:3      | Found a hazy altar of Hepliaklqana.
  1971 | D:3      | Acquired the +2 pair of gloves of a Labyrinth {Dex+6}
  2084 | D:4      | Noticed an ogre
  2229 | D:4      | Killed an ogre
  2230 | D:4      | Reached skill level 5 in Fighting
  2230 | D:4      | Reached XP level 6. HP: 45/49 MP: 0/0
  2275 | D:4      | Reached skill level 4 in Spellcasting
  2487 | D:4      | Noticed Natasha
  2491 | D:4      | Killed Natasha
  2608 | D:4      | Noticed Natasha
  2611 | D:4      | Killed Natasha
  2725 | D:4      | Noticed Duvessa
  2725 | D:4      | Noticed Dowan
  2749 | D:4      | Killed Duvessa
  2750 | D:4      | Reached XP level 7. HP: 33/54 MP: 0/0
  2750 | D:4      | Learned a level 3 spell: Vampiric Draining
  2754 | D:4      | Killed Dowan
  2755 | D:4      | Reached skill level 5 in Spellcasting
  2755 | D:4      | Reached skill level 5 in Conjurations
  2755 | D:4      | Reached skill level 5 in Hexes
  2755 | D:4      | Reached skill level 5 in Summonings
  2755 | D:4      | Reached skill level 5 in Necromancy
  2755 | D:4      | Reached skill level 5 in Translocations
  2755 | D:4      | Reached skill level 5 in Fire Magic
  2755 | D:4      | Reached skill level 5 in Ice Magic
  2755 | D:4      | Reached skill level 5 in Air Magic
  2755 | D:4      | Reached skill level 5 in Earth Magic
  2755 | D:4      | Reached skill level 5 in Alchemy
  3034 | D:4      | Noticed Natasha
  3036 | D:4      | Killed Natasha
  3591 | D:5      | Entered Level 5 of the Dungeon
  3631 | D:5      | Acquired a manual of Spellcasting
  3678 | D:5      | Found a staircase to the Ecumenical Temple.
  3844 | Temple   | Entered the Ecumenical Temple
  3926 | D:5      | Reached skill level 6 in Spellcasting
  4094 | D:5      | Reached XP level 8. HP: 53/59 MP: 0/0
  4190 | D:5      | Reached skill level 7 in Spellcasting
  4230 | D:5      | Reached skill level 8 in Spellcasting
  4579 | D:6      | Reached skill level 9 in Spellcasting
  4630 | D:6      | Reached XP level 9. HP: 54/65 MP: 0/0
  4630 | D:6      | Learned a level 3 spell: Hailstorm
  4647 | D:6      | Reached skill level 10 in Spellcasting
  5026 | D:6      | Found a burning altar of Makhleb.
  5026 | D:6      | Found a shimmering altar of Xom.
  5028 | D:6      | Reached skill level 11 in Spellcasting
  5040 | D:6      | Became a worshipper of Makhleb the Destroyer
  5087 | D:6      | Noticed a hornet
  5100 | D:6      | Noticed a queen bee
  5113 | D:6      | Noticed Zeo's ghost (novice DrHu)
  5116 | D:6      | Found a transporter.
  5121 | D:6      | Found a transporter.
  5313 | D:6      | Noticed Grinder
  5315 | D:6      | Killed Grinder
  5564 | D:7      | Reached skill level 12 in Spellcasting
  5742 | D:7      | Reached XP level 10. HP: 56/70 MP: 0/0
  5744 | D:7      | Reached * piety under Makhleb
  5745 | D:7      | Reached skill level 10 in Conjurations
  5745 | D:7      | Reached skill level 10 in Hexes
  5745 | D:7      | Reached skill level 10 in Summonings
  5745 | D:7      | Reached skill level 10 in Necromancy
  5745 | D:7      | Reached skill level 10 in Translocations
  5745 | D:7      | Reached skill level 10 in Fire Magic
  5745 | D:7      | Reached skill level 10 in Ice Magic
  5745 | D:7      | Reached skill level 10 in Air Magic
  5745 | D:7      | Reached skill level 10 in Earth Magic
  5745 | D:7      | Reached skill level 10 in Alchemy
  5752 | D:7      | Reached skill level 13 in Spellcasting
  6270 | D:7      | Found a broken altar of Ashenzari.
  6273 | D:7      | Found a sparkling altar of Nemelex Xobeh.
  6274 | D:7      | Found a stormy altar of Qazlal.
  6274 | D:7      | Found a basalt altar of Yredelemnul.
  6450 | D:7      | Found Jocuimei's Antique Weapon Emporium.
  6815 | D:8      | Reached skill level 14 in Spellcasting
  6884 | D:8      | Identified the +1 robe of Viufius {rElec rC+}
  6901 | D:8      | Found a shadowy altar of Dithmenos.
  6956 | D:8      | Found Upiol's Jewellery Shoppe.
  7558 | D:8      | Reached ** piety under Makhleb
  7631 | D:9      | Noticed a two-headed ogre
  7638 | D:9      | Killed a two-headed ogre
  7715 | D:9      | Noticed a cyclops
  7722 | D:9      | Killed a cyclops
  7895 | D:9      | Noticed Prince Ribbit
  8014 | D:9      | Killed Prince Ribbit
  8021 | D:9      | Noticed Joseph
  8027 | D:9      | Killed Joseph
  8028 | D:9      | Reached XP level 11. HP: 60/78 MP: 0/0
  8028 | D:9      | Learned a level 4 spell: Summon Lightning Spire
  8255 | D:9      | Reached skill level 5 in Invocations
  8275 | D:9      | Noticed Maurice
  8278 | D:9      | Killed Maurice
  8529 | D:10     | Entered Level 10 of the Dungeon
  8566 | D:10     | Noticed a manticore
  8579 | D:10     | Noticed a manticore
  8579 | D:10     | Noticed a catoblepas
  8579 | D:10     | Noticed a six-headed hydra
  8580 | D:10     | Noticed a centaur warrior
  8580 | D:10     | Noticed a tengu warrior
  8580 | D:10     | Noticed a manticore
  8848 | D:10     | Found a runed translucent door.
  8853 | D:10     | Found a runed translucent door.
  8856 | D:10     | Noticed a necromancer
  8857 | D:10     | Noticed a fire giant
  8858 | D:10     | Noticed an ogre mage
  8858 | D:10     | Noticed a lich
  8859 | D:10     | Noticed a seven-headed hydra
  8859 | D:10     | Noticed a skeletal warrior
  8859 | D:10     | Noticed scisormetimb3rs's ghost (novice DsFi)
  9014 | D:10     | Noticed an entropy weaver
  9028 | D:10     | Killed an entropy weaver
  9087 | D:10     | Noticed a soul eater
  9087 | D:10     | Reached *** piety under Makhleb
  9107 | D:10     | Found Uvuumax's Antique Weapon Boutique.
  9529 | D:11     | Noticed an elephant
  9541 | D:11     | Killed an elephant
  9542 | D:11     | Reached XP level 12. HP: 70/89 MP: 0/0
  9573 | D:11     | Found a staircase to the Lair.
  9694 | D:11     | Noticed a two-headed ogre
  9698 | D:11     | Noticed a two-headed ogre
  9700 | D:11     | Killed a two-headed ogre
  9703 | D:11     | Killed a two-headed ogre
  9708 | D:11     | Reached skill level 10 in Fighting
 10546 | D:11     | Reached skill level 10 in Invocations
 10626 | D:12     | Noticed Jorgrun
 10641 | D:12     | Noticed Fannar
 10643 | D:12     | Killed Jorgrun
 10712 | D:12     | Killed Fannar
 10916 | D:12     | Reached skill level 5 in Dodging
 10964 | D:12     | Found a staircase to the Orcish Mines.
 11191 | D:12     | Found a sparkling altar of Nemelex Xobeh.
 11230 | D:12     | Noticed a two-headed ogre
 11242 | D:12     | Killed a two-headed ogre
 11243 | D:12     | Reached XP level 13. HP: 97/99 MP: 0/0
 11243 | D:12     | Learned a level 5 spell: Irradiate
 11673 | D:13     | Noticed a centaur warrior
 11681 | D:13     | Killed a centaur warrior
 11681 | D:13     | Reached **** piety under Makhleb
 12212 | D:13     | Gained mutation: You are robust. (+10% HP) [mutagenic glow]
 12231 | D:13     | Gained mutation: You occasionally lose the ability to read
                  | scrolls when taking damage. [mutagenic glow]
 12235 | D:13     | Found a gate to the Vaults.
 12235 | D:13     | Noticed a vault guard
 12236 | D:13     | Noticed a vault guard
 12236 | D:13     | Noticed a vault guard
 12250 | D:13     | Gained mutation: Your body sometimes deteriorates upon
                  | taking damage. [mutagenic glow]
 12264 | D:13     | Killed a vault guard
 12272 | D:12     | Gained mutation: You sometimes lose your temper in combat.
                  | [mutagenic glow]
 12291 | D:12     | Gained mutation: You do not regenerate when monsters are
                  | visible. [mutagenic glow]
 12375 | D:13     | Killed a vault guard
 12400 | D:13     | Gained mutation: You are strong-willed. (Will+) [mutagenic
                  | glow]
 12425 | D:13     | Killed a vault guard
 12467 | D:13     | Gained mutation: You are clumsy. (Dex -2) [mutagenic glow]
 12513 | D:13     | Noticed Erolcha
 12517 | D:13     | Killed Erolcha
 12581 | D:13     | Found Maiteunk's Distillery.
 12589 | D:13     | Bought 3 potions of heal wounds for 195 gold pieces
 12589 | D:13     | Bought a potion of brilliance for 52 gold pieces
 12589 | D:13     | Bought a potion of brilliance for 52 gold pieces
 12589 | D:13     | Bought a potion of haste for 130 gold pieces
 12589 | D:13     | Bought a potion of curing for 39 gold pieces
 12866 | Lair:1   | Entered Level 1 of the Lair of Beasts
 13335 | Lair:1   | Reached skill level 10 in Dodging
 13425 | Lair:1   | Gained mutation: Your body often deteriorates upon taking
                  | damage. [mutagenic glow]
 13426 | Lair:1   | Reached skill level 1 in Shields
 13426 | Lair:1   | Reached XP level 14. HP: 79/121 MP: 0/0
 14229 | Lair:2   | Found a staircase to the Snake Pit.
 14371 | Lair:2   | Reached skill level 15 in Spellcasting
 14453 | Lair:2   | Found a staircase to the Shoals.
 14578 | Lair:2   | Reached ***** piety under Makhleb
 15063 | Lair:2   | Reached skill level 5 in Shields
 15277 | Lair:3   | Found a gate leading to a gauntlet.
 15318 | Gauntlet | Entered a Gauntlet
 15318 | Gauntlet | Found a transporter.
 15329 | Gauntlet | Found a transporter.
 15331 | Gauntlet | Found a transporter.
 15333 | Gauntlet | Found a transporter.
 15352 | Gauntlet | Found a large runed translucent door.
 15353 | Gauntlet | Found a large runed translucent door.
 15354 | Gauntlet | Found a large runed translucent door.
 15354 | Gauntlet | Found a large runed translucent door.
 15354 | Gauntlet | Found a runed translucent door.
 15354 | Gauntlet | Found a runed translucent door.
 15355 | Gauntlet | Found a large runed translucent door.
 15356 | Gauntlet | Found a large runed translucent door.
 15357 | Gauntlet | Found a large runed translucent door.
 15357 | Gauntlet | Found a large runed translucent door.
 15357 | Gauntlet | Found a large runed translucent door.
 15357 | Gauntlet | Found a large runed translucent door.
 15357 | Gauntlet | Found a large runed translucent door.
 15357 | Gauntlet | Found a large runed translucent door.
 15358 | Gauntlet | Found a large runed translucent door.
 15358 | Gauntlet | Found a large runed translucent door.
 15359 | Gauntlet | Found a large runed translucent door.
 15359 | Gauntlet | Found a large runed translucent door.
 15361 | Gauntlet | Found a transporter.
 15363 | Gauntlet | Found a transporter.
 15372 | Gauntlet | Found a runed translucent gate.
 15372 | Gauntlet | Found a runed translucent gate.
 15372 | Gauntlet | Found a runed translucent gate.
 15374 | Gauntlet | Found a transporter.
 15390 | Gauntlet | Found a transporter.
 15397 | Gauntlet | Found a transporter.
 15412 | Gauntlet | Found a transporter.
 15428 | Gauntlet | Found the +3 Mad Mage's Maulers {Infuse+∞ VampMP -Cast}
 15431 | Gauntlet | Found a transporter.
 15443 | Gauntlet | Found a transporter.
 15455 | Gauntlet | Found a transporter.
 15467 | Gauntlet | Found a transporter.
 15476 | Gauntlet | Found a transporter.
 15498 | Gauntlet | Found a transporter.
 15514 | Gauntlet | Found a transporter.
 15516 | Gauntlet | Found a transporter.
 15887 | Gauntlet | Reached skill level 16 in Spellcasting
 16019 | Gauntlet | Noticed a minotaur
 16028 | Gauntlet | Killed a minotaur
 17277 | Lair:4   | Reached XP level 15. HP: 125/126 MP: 0/0
 17277 | Lair:4   | Learned a level 6 spell: Eringya's Noxious Bog
 17554 | Lair:4   | Found a staircase to the Slime Pits.
 17554 | Lair:4   | Found a viscous altar of Jiyva.
 17742 | Lair:4   | Reached ****** piety under Makhleb
 18102 | Lair:5   | Entered Level 5 of the Lair of Beasts
 18105 | Lair:4   | Lost mutation: You do not regenerate when monsters are
                  | visible. [potion of mutation]
 18105 | Lair:4   | Lost mutation: Your body often deteriorates upon taking
                  | damage. [potion of mutation]
 18105 | Lair:4   | Lost mutation: You occasionally lose the ability to read
                  | scrolls when taking damage. [potion of mutation]
 18105 | Lair:4   | Gained mutation: You expend health (3 HP) to strengthen
                  | your wands. [potion of mutation]
 18106 | Lair:4   | Lost mutation: You are strong-willed. (Will+) [potion of
                  | mutation]
 18106 | Lair:4   | Lost mutation: You sometimes lose your temper in combat.
                  | [potion of mutation]
 18106 | Lair:4   | Lost mutation: Your body sometimes deteriorates upon taking
                  | damage. [potion of mutation]
 18106 | Lair:4   | Gained mutation: You passively map a small area around you.
                  | [potion of mutation]
 18106 | Lair:4   | Lost mutation: You are clumsy. (Dex -2) [potion of
                  | mutation]
 18106 | Lair:4   | Gained mutation: Your mind is acute. (Int +4, Str/Dex -1)
                  | [potion of mutation]
 18106 | Lair:4   | Gained mutation: Your movements are slightly less
                  | encumbered by armour. (ER -2) [potion of mutation]
 18554 | Lair:5   | Reached skill level 10 in Shields
 18591 | Lair:5   | Acquired the +2 pair of gloves of the Five Songs {rElec rC+
                  | rCorr Int-4}
 18959 | Lair:5   | Reached skill level 17 in Spellcasting
 19173 | Lair:5   | Reached XP level 16. HP: 136/136 MP: 0/0
 19175 | Lair:5   | Gained mutation: Your body sometimes deteriorates upon
                  | taking damage. [mutagenic glow]
 19192 | Lair:5   | Gained mutation: You have hidden genetic defects.
                  | [mutagenic glow]
 19531 | Lair:5   | Lost mutation: Your mind is acute. (Int +4, Str/Dex -1)
                  | [potion of mutation]
 19531 | Lair:5   | Lost mutation: You are robust. (+10% HP) [potion of
                  | mutation]
 19531 | Lair:5   | Gained mutation: Your spells are a little harder to cast,
                  | but a little more powerful. [potion of mutation]
 19531 | Lair:5   | Gained mutation: Your movements are less encumbered by
                  | armour. (ER -4) [potion of mutation]
 19532 | Lair:5   | Lost mutation: You expend health (3 HP) to strengthen your
                  | wands. [potion of mutation]
 19532 | Lair:5   | Lost mutation: You have hidden genetic defects. [potion of
                  | mutation]
 19533 | Lair:5   | Lost mutation: Your movements are less encumbered by
                  | armour. (ER -4) [potion of mutation]
 19533 | Lair:5   | Lost mutation: Your body sometimes deteriorates upon taking
                  | damage. [potion of mutation]
 19533 | Lair:5   | Lost mutation: Your movements are slightly less encumbered
                  | by armour. (ER -2) [potion of mutation]
 19533 | Lair:5   | Gained mutation: You have a pair of small antennae on your
                  | head. [potion of mutation]
 19533 | Lair:5   | Gained mutation: Your body sometimes deteriorates upon
                  | taking damage. [potion of mutation]
 19533 | Lair:5   | Gained mutation: Your muscles are strong. (Str +4, Int/Dex
                  | -1) [potion of mutation]
 19946 | D:14     | Identified the +3 ring mail "Atufihui" {Str+2 Int+6}
 20159 | D:14     | Noticed Rupert
 20173 | D:14     | Paralysed by Rupert for 5 turns
 20175 | D:14     | Killed Rupert
 20272 | D:14     | Noticed Josephine
 20290 | D:14     | Killed Josephine
 20688 | D:15     | Entered Level 15 of the Dungeon
 20745 | D:15     | Found a broken altar of Ashenzari.
 21201 | D:15     | Reached skill level 18 in Spellcasting
 21407 | D:15     | Paralysed by something for 5 turns
 21641 | D:8      | Bought a ring of see invisible for 165 gold pieces
 22496 | D:15     | Found a staircase to the Depths.
 22961 | Orc:1    | Entered Level 1 of the Orcish Mines
 23171 | D:12     | Reached XP level 17. HP: 129/130 MP: 0/0
 23171 | D:12     | Learned a level 7 spell: Spellforged Servitor
 23466 | Orc:1    | Noticed Erica
 23486 | Orc:1    | Killed Erica
 23797 | Orc:2    | Entered Level 2 of the Orcish Mines
 23964 | Orc:2    | Found Ebba Pem's Distillery.
 23966 | Orc:2    | Found Wykkag's Distillery.
 23997 | Orc:2    | Reached skill level 19 in Spellcasting
 24349 | Orc:2    | Found Pigheb's Antique Weapon Emporium.
 24350 | Orc:2    | Found Xarcheec's General Store.
 24367 | Orc:2    | Bought a potion of experience for 850 gold pieces
 24371 | Orc:2    | Reached skill level 20 in Spellcasting
 24371 | Orc:2    | Reached skill level 15 in Conjurations
 24371 | Orc:2    | Reached skill level 15 in Hexes
 24371 | Orc:2    | Reached skill level 15 in Summonings
 24371 | Orc:2    | Reached skill level 15 in Necromancy
 24371 | Orc:2    | Reached skill level 15 in Translocations
 24371 | Orc:2    | Reached skill level 15 in Fire Magic
 24371 | Orc:2    | Reached skill level 15 in Ice Magic
 24371 | Orc:2    | Reached skill level 15 in Air Magic
 24371 | Orc:2    | Reached skill level 15 in Earth Magic
 24371 | Orc:2    | Reached skill level 15 in Alchemy
 24371 | Orc:2    | Reached XP level 18. HP: 136/136 MP: 0/0
 24423 | Orc:2    | Found a staircase to the Elven Halls.
 24544 | Orc:2    | Reached skill level 1 in Armour
 24616 | Orc:2    | Bought a potion of mutation for 136 gold pieces
 24616 | Orc:2    | Bought a potion of cancellation for 136 gold pieces
 24616 | Orc:2    | Bought a potion of cancellation for 136 gold pieces
 24616 | Orc:2    | Bought a potion of mutation for 136 gold pieces
 24616 | Orc:2    | Bought a potion of curing for 51 gold pieces
 24616 | Orc:2    | Bought a potion of attraction for 51 gold pieces
 24616 | Orc:2    | Bought a potion of curing for 51 gold pieces
 24784 | Snake:1  | Entered Level 1 of the Snake Pit
 25025 | Snake:1  | Noticed Azrael
 25070 | Lair:2   | Killed Azrael
 25598 | Snake:2  | Noticed Vashnia
 25617 | Snake:2  | Reached skill level 5 in Armour
 25636 | Snake:2  | Reached skill level 15 in Shields
 25692 | Snake:2  | Found Wouc's General Store.
 25695 | Snake:2  | Found Sejar's Armour Emporium.
 25695 | Snake:2  | Found Fuxittokk's Magic Scroll Shoppe.
 25742 | Snake:2  | Bought a potion of brilliance for 60 gold pieces
 25742 | Snake:2  | Found Iphuitok's Antique Weapon Shoppe.
 25964 | Snake:2  | Killed Vashnia
 27172 | Snake:3  | Reached XP level 19. HP: 138/141 MP: 0/0
 27172 | Snake:3  | Learned a level 7 spell: Ozocubu's Refrigeration
 27970 | Snake:4  | Entered Level 4 of the Snake Pit
 28214 | Snake:4  | Noticed Agnes
 28219 | Snake:4  | Killed Agnes
 28307 | Snake:4  | Identified the +5 quarterstaff of Anguish {speed, *Rage
                  | rC+++ Str-2 Int+6 Stlth+}
 28380 | Snake:4  | Found Deop Neryx's Self-Published Books.
 28718 | Snake:4  | Found Menysautt's Tremendous Tomes.
 28783 | Snake:4  | Acquired a manual of Earth Magic
 28992 | Snake:4  | Noticed Mlioglotl
 29012 | Snake:4  | Killed Mlioglotl
 29260 | Snake:4  | Reached skill level 10 in Armour
 29273 | Snake:4  | Got a serpentine rune of Zot
 29644 | Shoals:1 | Entered Level 1 of the Shoals
 30750 | Shoals:2 | Found Cop Moro's Weapon Boutique.
 30776 | Shoals:2 | Reached XP level 20. HP: 141/148 MP: 0/0
 30960 | Shoals:2 | Noticed Nikola
 31314 | Shoals:2 | Killed Nikola
 31484 | Shoals:2 | Noticed Polyphemus
 31497 | Shoals:2 | Killed Polyphemus
 31814 | Shoals:3 | Noticed Donald
 31825 | Shoals:3 | Killed Donald
 32786 | Shoals:3 | Noticed Mara
 32800 | Shoals:3 | Killed Mara
 32801 | Shoals:3 | Reached skill level 21 in Spellcasting
 32930 | Shoals:3 | Noticed Roxanne
 33099 | Shoals:4 | Entered Level 4 of the Shoals
 33125 | Shoals:4 | Found a white marble altar of Elyvilon.
 33227 | Shoals:4 | Identified the +3 rapier of the Vanishing Ghosts {freeze,
                  | rN+ Str+7 Dex+2}
 33597 | Shoals:4 | Identified the +2 robe of the Old and Reckless {rN+}
 33749 | Shoals:4 | Found a glowing silver altar of Zin.
 34024 | Shoals:4 | Found a glowing golden altar of the Shining One.
 34119 | Shoals:4 | Got a barnacled rune of Zot
 34337 | Vaults:1 | Entered Level 1 of the Vaults
 34350 | Vaults:1 | Noticed Saint Roka
 34357 | Vaults:1 | Reached skill level 22 in Spellcasting
 34360 | Vaults:1 | Reached XP level 21. HP: 153/153 MP: 0/0
 34360 | Vaults:1 | Learned a level 8 spell: Maxwell's Capacitive Coupling
 34368 | Vaults:1 | Killed Saint Roka
 34447 | Vaults:1 | Identified the +1 leather armour of Twilight {rN+ Str+3
                  | Int+3}
 35627 | Vaults:1 | Reached skill level 23 in Spellcasting
 35805 | Vaults:2 | Found Dupsin's Book Emporium.
 35912 | Vaults:2 | Found Wocseofae's Weapon Shoppe.
 35951 | Vaults:2 | Noticed Margery
 35976 | Vaults:2 | Killed Margery
 35977 | Vaults:2 | Reached skill level 24 in Spellcasting
 36134 | Vaults:2 | Reached XP level 22. HP: 123/159 MP: 0/0
 36190 | Vaults:2 | Found Nir Ecse's Book Shop.
 36260 | Vaults:2 | Found Iluhoype's Magic Scroll Shoppe.
 36269 | Vaults:2 | Bought a scroll of fog for 92 gold pieces
 36773 | Vaults:2 | Found Miaclaod's Assorted Antiques.
 36785 | Vaults:2 | Bought a scroll of blinking for 367 gold pieces
 36785 | Vaults:2 | Bought a potion of brilliance for 196 gold pieces
 36838 | Vaults:2 | Found a staircase to the Crypt.
 37246 | Vaults:3 | Found a crumbling gateway.
 37276 | Desolati | Entered the Desolation of Salt
 37283 | Desolati | Reached skill level 25 in Spellcasting
 37519 | Desolati | Reached skill level 15 in Fighting
 37751 | Desolati | Identified the +1 plate armour "Ufafak" {*Slow rPois rF-
                  | rN+++}
 37909 | Desolati | Identified the ring of False Pretenses {rN+ EV+5}
 37926 | Desolati | Identified the +5 plate armour "Xuosiuf" {+Inv Int+3}
 38140 | Vaults:3 | Identified the +4 plate armour of the Thirsty Coins
                  | {Rampage ^Drain MP+9}
 38503 | Vaults:3 | Reached XP level 23. HP: 159/169 MP: 0/0
 38503 | Vaults:3 | Learned a level 7 spell: Monstrous Menagerie
 38600 | Vaults:3 | Found Qosi's General Store.
 38630 | Vaults:3 | Bought a potion of cancellation for 152 gold pieces
 38630 | Vaults:3 | Bought a potion of heal wounds for 95 gold pieces
 39638 | Vaults:4 | Found Lethaer's Magic Scroll Boutique.
 39647 | Vaults:4 | Bought a scroll of blinking for 105 gold pieces
 39647 | Vaults:4 | Bought a scroll of teleportation for 42 gold pieces
 39666 | Vaults:4 | Noticed Zenata
 39869 | Vaults:4 | Killed Zenata
 40049 | Vaults:4 | Identified the +0 scale mail of Ignis's Supremacy {Regen+
                  | Stlth+}
 40238 | Vaults:4 | Identified the +0 plate armour "Voufaeps" {rElec rF+}
 40262 | Vaults:4 | Noticed FoolsGold's ghost (adept MiBe)
 40277 | Vaults:4 | Found a transporter.
 40279 | Vaults:4 | Found a transporter.
 40296 | Vaults:4 | Identified the ring of Noevaoli {rF+++ rN+ Str-5 Dex+6}
 40807 | Vaults:4 | Bought a scroll of teleportation for 42 gold pieces
 40807 | Vaults:4 | Bought a scroll of teleportation for 42 gold pieces
 41008 | Depths:1 | Entered Level 1 of the Depths
 41150 | Depths:1 | Identified the +1 cloak of Parlour Games {rC++ Dex+3}
 41231 | Depths:1 | Found Qeugeg's Jewellery Emporium.
 41247 | Depths:1 | Found a blossoming altar of Fedhas.
 41252 | Depths:1 | Found a one-way gate to the infinite horrors of the Abyss.
 41753 | Depths:1 | Found a gateway to Hell.
 42055 | Depths:2 | Identified the ring of Equilibrium {Ice rElec}
 42113 | Depths:2 | Reached XP level 24. HP: 172/181 MP: 0/0
 42169 | Depths:2 | Reached skill level 15 in Invocations
 42330 | Depths:2 | Found a hazy altar of Hepliaklqana.
 42330 | Depths:2 | Found an ornate altar of the Wu Jian Council.
 42471 | Depths:2 | Noticed a golden dragon
 42491 | Depths:2 | Killed a golden dragon
 42846 | Depths:2 | Identified the +0 ring mail of Zin's Condemnation {rC++}
 43110 | Depths:2 | Found a one-way gate leading to the halls of Pandemonium.
 43142 | Depths:2 | Noticed a caustic shrike
 43147 | Depths:2 | Killed a caustic shrike
 43285 | Depths:2 | Acquired a manual of Armour
 44017 | Depths:2 | Identified the +9 falchion of Selothuu {pain, rPois Int-3
                  | Dex+4}
 44041 | Depths:2 | Identified the +4 chain mail of the Equator {rF+ rC+ MP+9}
 44110 | Depths:2 | Identified the +0 robe of Zin's Regard {rF+ Regen+ Int-5
                  | Dex+3}
 44110 | Depths:2 | Identified the +0 pair of gloves of the New World {Dex+7}
 44213 | Depths:3 | Found Gaotoshe's Wicked Wares.
 44240 | Depths:3 | Reached XP level 25. HP: 187/187 MP: 0/0
 44240 | Depths:3 | Learned a level 8 spell: Ignition
 44629 | Depths:3 | Found Bonuuphygoe's Weapon Emporium.
 45044 | Depths:4 | Entered Level 4 of the Depths
 45103 | Depths:4 | Reached skill level 15 in Armour
 45375 | Depths:4 | Noticed a caustic shrike
 45376 | Depths:4 | Noticed a caustic shrike
 45376 | Depths:4 | Noticed a caustic shrike
 45378 | Depths:4 | Noticed a caustic shrike
 45381 | Depths:4 | Killed a caustic shrike
 45382 | Depths:4 | Killed a caustic shrike
 45383 | Depths:4 | Killed a caustic shrike
 45384 | Depths:4 | Killed a caustic shrike
 45385 | Depths:4 | Reached skill level 15 in Dodging
 45407 | Depths:3 | Noticed a caustic shrike
 45415 | Depths:3 | Killed a caustic shrike
 45447 | Depths:3 | Acquired a manual of Invocations
 45618 | Depths:4 | Found a gate to the Realm of Zot.
 45849 | Depths:4 | Found a one-way gateway to a ziggurat.
 46330 | Slime:1  | Entered Level 1 of the Pits of Slime
 46584 | Slime:5  | Entered Level 5 of the Pits of Slime
 46827 | Slime:5  | Noticed the Royal Jelly
 46833 | Slime:5  | Killed the Royal Jelly
 46834 | Slime:5  | Reached XP level 26. HP: 195/195 MP: 0/0
 46984 | Slime:5  | Identified the +8 quarterstaff "Irhelixa" {holy, MP+9
                  | Stlth+}
 46987 | Slime:5  | Got a slimy rune of Zot
 46999 | Slime:5  | Identified the +7 arbalest of the End {penet, rF++ Stlth+}
 46999 | Slime:5  | Found the -2 hat of the Alchemist {rElec rPois rF+ rC+ rN+
                  | Will+ rMut rCorr}
 47129 | Slime:5  | Identified the +0 hand axe "Zugyonug" {heavy, Int+3}
 47478 | Depths:1 | Bought the ring "Ijol" {Wiz Dex+2} for 741 gold pieces
 47565 | Zot:1    | Entered Level 1 of the Realm of Zot
 47865 | Zot:1    | Identified the ring "Qiudaot" {rPois rF- rC+++ SInv}
 47973 | Zot:1    | Identified the +3 leather armour of Ylaytrada {rF+++ Regen+
                  | Int-3}
 48426 | Zot:1    | Noticed Grunn
 48434 | Zot:1    | Killed Grunn
 49025 | Zot:2    | Noticed Vv
 49105 | Zot:2    | Found the +4 dragonskin cloak
 49105 | Zot:2    | Noticed Tiamat
 49185 | Zot:2    | Killed Vv
 49590 | Zot:2    | Reached XP level 27. HP: 138/204 MP: 0/0
 49590 | Zot:2    | Learned a level 9 spell: Fire Storm
 49601 | Zot:2    | Killed Tiamat
 49901 | Zot:3    | Noticed Parghit
 50610 | Zot:4    | Noticed an orb of fire
 50734 | Zot:4    | Noticed an orb of fire
 51047 | Zot:4    | Killed an orb of fire
 51649 | Zot:5    | Entered Level 5 of the Realm of Zot
 52020 | Zot:3    | Killed Parghit
 52520 | Zot:4    | Gained mutation: You sometimes lose your temper in combat.
                  | [mutagenic glow]
 52703 | Zot:4    | Lost mutation: You sometimes lose your temper in combat.
                  | [potion of mutation]
 52703 | Zot:4    | Lost mutation: You passively map a small area around you.
                  | [potion of mutation]
 52703 | Zot:4    | Gained mutation: You are strong-willed. (Will+) [potion of
                  | mutation]
 52703 | Zot:4    | Gained mutation: You passively dampen the noise of your
                  | surroundings. [potion of mutation]
 52985 | Zot:5    | Noticed an orb of fire
 52987 | Zot:5    | Gained mutation: You sometimes lose your temper in combat.
                  | [an orb of fire]
 52989 | Zot:5    | Killed an orb of fire
 53093 | Zot:4    | Lost mutation: You sometimes lose your temper in combat.
                  | [potion of mutation]
 53093 | Zot:4    | Lost mutation: You passively dampen the noise of your
                  | surroundings. [potion of mutation]
 53093 | Zot:4    | Lost mutation: You have a pair of small antennae on your
                  | head. [potion of mutation]
 53093 | Zot:4    | Gained mutation: Your mind is acute. (Int +4, Str/Dex -1)
                  | [potion of mutation]
 53175 | Zot:5    | Noticed an orb of fire
 53177 | Zot:5    | Gained mutation: Your body often deteriorates upon taking
                  | damage. [an orb of fire]
 53180 | Zot:5    | Killed an orb of fire
 53285 | Zot:5    | Noticed an orb of fire
 53285 | Zot:5    | Noticed a dread lich
 53374 | Zot:5    | Noticed an orb of fire
 53383 | Zot:5    | Gained mutation: You occasionally shout uncontrollably at
                  | your foes. [an orb of fire]
 53387 | Zot:5    | Killed an orb of fire
 53497 | Zot:5    | Gained mutation: You have hidden genetic defects. [an orb
                  | of fire]
 53505 | Zot:4    | Killed a dread lich
 53613 | Zot:5    | Noticed an orb of fire
 53613 | Zot:5    | Gained mutation: You are frail. (-10% HP) [an orb of fire]
 53617 | Zot:5    | Gained mutation: Armour fits poorly on your strangely
                  | shaped body. [an orb of fire]
 53618 | Zot:5    | Killed an orb of fire
 53734 | Zot:4    | Lost mutation: Armour fits poorly on your strangely shaped
                  | body. [potion of mutation]
 53734 | Zot:4    | Lost mutation: You are frail. (-10% HP) [potion of
                  | mutation]
 53734 | Zot:4    | Gained mutation: You occasionally lose the ability to read
                  | scrolls when taking damage. [potion of mutation]
 53734 | Zot:4    | Lost mutation: Your muscles are strong. (Str +4, Int/Dex
                  | -1) [potion of mutation]
 53734 | Zot:4    | Gained mutation: Your mind is very acute. (Int +8, Str/Dex
                  | -2) [potion of mutation]
 53735 | Zot:4    | Lost mutation: You occasionally lose the ability to read
                  | scrolls when taking damage. [potion of mutation]
 53735 | Zot:4    | Lost mutation: Your spells are a little harder to cast, but
                  | a little more powerful. [potion of mutation]
 53735 | Zot:4    | Lost mutation: You are strong-willed. (Will+) [potion of
                  | mutation]
 53735 | Zot:4    | Gained mutation: You have a pair of small horns on your
                  | head. [potion of mutation]
 54082 | Zot:5    | Noticed an orb of fire
 54087 | Zot:5    | Killed an orb of fire
 54094 | Zot:5    | Noticed a Killer Klown
 54101 | Zot:5    | Noticed an orb of fire
 54103 | Zot:5    | Noticed an orb of fire
 54104 | Zot:5    | Killed a Killer Klown
 54105 | Zot:5    | Gained mutation: Your spells are a little easier to cast,
                  | but a little less powerful. [an orb of fire]
 54106 | Zot:5    | Noticed a Killer Klown
 54110 | Zot:5    | Killed an orb of fire
 54113 | Zot:5    | Gained mutation: You occasionally lose the ability to read
                  | scrolls when taking damage. [an orb of fire]
 54114 | Zot:5    | Killed an orb of fire
 54120 | Zot:5    | Killed a Killer Klown
 54121 | Zot:5    | Gained mutation: Your health recovers twice as slowly from
                  | being drained. [hidden defects]
 54261 | Zot:4    | Lost mutation: Your body often deteriorates upon taking
                  | damage. [potion of mutation]
 54261 | Zot:4    | Lost mutation: You have a pair of small horns on your head.
                  | [potion of mutation]
 54261 | Zot:4    | Lost mutation: Your body sometimes deteriorates upon taking
                  | damage. [potion of mutation]
 54261 | Zot:4    | Gained mutation: You are frail. (-10% HP) [potion of
                  | mutation]
 54261 | Zot:4    | Lost mutation: You are frail. (-10% HP) [potion of
                  | mutation]
 54262 | Zot:4    | Lost mutation: Your health recovers twice as slowly from
                  | being drained. [potion of mutation]
 54262 | Zot:4    | Lost mutation: You occasionally shout uncontrollably at
                  | your foes. [potion of mutation]
 54262 | Zot:4    | Lost mutation: You occasionally lose the ability to read
                  | scrolls when taking damage. [potion of mutation]
 54262 | Zot:4    | Gained mutation: You are resistant to electric shocks.
                  | (rElec) [potion of mutation]
 54262 | Zot:4    | Gained mutation: You occasionally lose the ability to drink
                  | potions when taking damage. [potion of mutation]
 54262 | Zot:4    | Gained mutation: You expend health (3 HP) to strengthen
                  | your wands. [potion of mutation]
 54263 | Zot:4    | Lost mutation: You expend health (3 HP) to strengthen your
                  | wands. [potion of mutation]
 54263 | Zot:4    | Lost mutation: Your mind is very acute. (Int +8, Str/Dex
                  | -2) [potion of mutation]
 54263 | Zot:4    | Lost mutation: You have hidden genetic defects. [potion of
                  | mutation]
 54263 | Zot:4    | Gained mutation: You have supernaturally acute eyesight.
                  | (SInv) [potion of mutation]
 54263 | Zot:4    | Lost mutation: Your spells are a little easier to cast, but
                  | a little less powerful. [potion of mutation]
 54263 | Zot:4    | Lost mutation: You occasionally lose the ability to drink
                  | potions when taking damage. [potion of mutation]
 54263 | Zot:4    | Gained mutation: Your movements are slightly less
                  | encumbered by armour. (ER -2) [potion of mutation]
 55472 | Zot:5    | Killed an orb of fire
 55700 | Zot:5    | Got the Orb of Zot
 56176 | D:1      | Noticed Ecephumo the pandemonium lord
 56179 | D:$      | Escaped with the Orb!

Illustrated notes

Levels and vault maps discovered:
D:1:      evilmike_arrival_crescent, layout_rooms, minmay_tromino_mix6
D:2:      layout_basic, basic_altar, minmay_goblin_kobold_house
D:3:      layout_rooms, nicolae_overflow_hidden_temple,
          nicolae_hepliaklqana_hazy_memory
D:4:      layout_basic, dreamdust_princess_corridor, st_stairs_9, uniq_natasha,
          uniq_duvessa
D:5:      layout_basic, temple_doors_e
D:6:      layout_loops_ring, grunt_temple_overflow_champion_of_chaos,
          gammafunk_ghost_hive, uniq_grinder
D:7:      layout_loops_ring, grunt_temple_overflow_open, serial_shops, shop,
          wad_floor_pattern_untrapped, kennysheep_another_room, st_stairs_10
D:8:      nicolae_cairo_tiling, layout_basic, overflow_temple_1_default,
          general_overflow_altar, serial_shops, nicolae_shop_rolling_square
D:9:      layout_roguey, uniq_prince_ribbit1, uniq_joseph, uniq_maurice
D:10:     layout_gridville, fiery_altar_vehumet, muffindrake_ghost_dual_entry,
          serial_shops, nicolae_shop_peninsula, minivault_12
D:11:     layout_loops_corners, david_lair_generic, minmay_circle_x
D:12:     layout_loops_cross, orc_0_dummy, nemelex_lonely_heart_becter,
          uniq_fannar, uniq_jorgrun
D:13:     layout_roguey, grunt_vaults_entry_tiered, serial_shops,
          nicolae_shop_gibbet_a_chance, uniq_erolcha
D:14:     layout_stronghold, wad_floor_pattern_2, uniq_rupert, uniq_josephine
D:15:     gammafunk_enter_depths_forms, layout_small_grid,
          nicolae_triple_integral, nicolae_ashenzari_panopticon
Temple:   jpeg_temple_clearing
Lair:1:   layout_cave_pods
Lair:2:   beast_lair_carwin_large_1, layout_regular_city,
          elwin_shoals_entry_rooms, dummy_snake_entry
Lair:3:   lemuel_reptile_caves, layout_chaotic_city, gauntlet_entry_generic,
          lemuel_fruit_fields
Lair:4:   nzn_winding_woodlands_medium [nzn_winding_woodlands_hourglass,
          nzn_winding_woodlands_5x15_twine,
          nzn_winding_woodlands_5x5_checkerboard,
          nzn_winding_woodlands_5x5_open_star,
          nzn_winding_woodlands_center_lodge,
          nzn_winding_woodlands_5x5_perimeter, nzn_winding_woodlands_5x5_three,
          nzn_winding_woodlands_5x15_default, nzn_winding_woodlands_5x5_cross],
          layout_cellular_growth, slime_entry_1, basic_altar,
          nzn_sisyphean_effort
Lair:5:   grunt_lair_end_beastmaster, layout_regular_city
Shoals:1: layout_shoals
Shoals:2: layout_shoals, serial_shops, nicolae_shop_bloodbath_and_beyond,
          lemuel_oklob_altar, uniq_polyphemus, uniq_nikola
Shoals:3: layout_shoals, nicolae_shoals_lost_giant_baths, uniq_roxanne,
          uniq_mara, uniq_donald
Shoals:4: shoals_end_hellmonk_holy_island
Snake:1:  layout_rooms, uniq_azrael
Snake:2:  layout_layer_cave, serial_bayou_lake_a, minmay_shoptagon,
          grunt_megastairs_1, uniq_vashnia
Snake:3:  layout_cave_town, grunt_megastairs_4, lemuel_fruit_tree
Snake:4:  grunt_snake_rune_pools, layout_gridlike,
          nicolae_snake_yet_another_twisty_hallway, nicolae_custom_books,
          nicolae_shop_i_like_big_books, uniq_agnes, uniq_mlioglotl
Slime:1:  layout_caves
Slime:2:  layout_caves
Slime:3:  layout_caves
Slime:4:  layout_caves
Slime:5:  slime_pit
Orc:1:    layout_caves, uniq_erica
Orc:2:    st_orc_ogre_mass, layout_caves
Vaults:1: nicolae_vaults_closet_pinwheel_5, nicolae_vaults_twisting_passages,
          v_misc_9, v_misc_8, v_rooms_6, nicolae_vaults_ninety_degrees,
          vaults_dpeg_doors, hangedman_vaults_capsules,
          vaults_room_guarded_vault, vaults_dpeg_spiral,
          hangedman_vaults_stretched_pinwheel, vaults_room_semicircle,
          layout_vaults_omnibox, uniq_saint_roka
Vaults:2: nicolae_vaults_big_ls, ontoclasm_vaults_shuriken, vaults_room_corners,
          nicolae_vaults_layer_cake_slice, nicolae_vaults_mini_display_case,
          nicolae_vaults_little_squares_3, vaults_mumra_minichess,
          blue_anna_dwarven_crypt, nicolae_vaults_weapon_check,
          layout_vaults_chaotic_city, serial_shops, shop, shop,
          nicolae_shop_hallway_stairs, shop, shop, uniq_margery
Vaults:3: portal_desolation_entry_twin_temple, nicolae_vaults_quartermaster,
          vaults_dpeg_diagonal, ontoclasm_vaults_chip, v_misc_4,
          nicolae_vaults_double_plus_3, nicolae_vaults_wine_cellar,
          ontoclasm_vaults_gateway, nicolae_vaults_variable_pillar_hall,
          nicolae_vaults_three_branches, layout_vaults_omnicross, serial_shops,
          shop
Vaults:4: nzn_ghost_randoct, hangedman_vaults_stretched_pinwheel,
          nicolae_vaults_steering_wheel, v_misc_11, vaults_room_boxed,
          nicolae_vaults_theta, layout_vaults_quadrants, serial_shops,
          shop_scrolls, uniq_zenata
Depths:1: layout_big_octagon, abyss_entry, nicolae_sextant, serial_shops,
          nicolae_shop_tiny_waterfront, hell_entry, fedhas_altar_1
Depths:2: minmay_the_grid_ultimate
          [minmay_the_grid_prize_four_corners_diamond_a,
          minmay_the_grid_prize_shrinking_boxes,
          minmay_the_grid_prize_four_corners,
          minmay_the_grid_prize_inner_circle,
          minmay_the_grid_square_5x5_pentomino_r,
          minmay_the_grid_square_5x5_inner_z,
          minmay_the_grid_square_5x5_checkered,
          minmay_the_grid_square_5x5_three_small,
          minmay_the_grid_square_5x5_fancy_junction,
          minmay_the_grid_square_5x5_checkered_sparse,
          minmay_the_grid_square_5x5_gyroscope, minmay_the_grid_square_5x5_six,
          minmay_the_grid_square_5x5_percent,
          minmay_the_grid_square_5x5_spiral_small, minmay_the_grid_square_5x5_c,
          minmay_the_grid_square_5x5_inset,
          minmay_the_grid_square_5x5_hollow_slash,
          minmay_the_grid_square_5x5_shuriken,
          minmay_the_grid_square_5x5_one_wall,
          minmay_the_grid_triangle_9x9_warning,
          minmay_the_grid_triangle_9x9_corrupted_corridor,
          minmay_the_grid_triangle_9x9_impossible_snake,
          minmay_the_grid_triangle_9x9_zippers_horizontal,
          minmay_the_grid_triangle_9x9_alien,
          minmay_the_grid_triangle_9x9_wacky_v,
          minmay_the_grid_triangle_9x9_cache,
          minmay_the_grid_triangle_9x9_negative_grid,
          minmay_the_grid_triangle_9x9_semitri,
          minmay_the_grid_triangle_9x9_longest,
          minmay_the_grid_triangle_9x9_windchime,
          minmay_the_grid_triangle_9x9_zippers_vertical,
          minmay_the_grid_triangle_9x9_intruding_spiral,
          minmay_the_grid_triangle_9x9_odd_lines,
          minmay_the_grid_triangle_9x9_from_above,
          minmay_the_grid_triangle_9x9_swiss_cheese,
          minmay_the_grid_square_5x5_n, minmay_the_grid_octo_toaster,
          minmay_the_grid_octo_empty, minmay_the_grid_octo_clover,
          minmay_the_grid_octo_chip, minmay_the_grid_octo_vomiting_pacman,
          minmay_the_grid_octo_checkerflower, minmay_the_grid_octo_concentric,
          minmay_the_grid_octo_fat_diamond, minmay_the_grid_small_cups,
          minmay_the_grid_dragon_a, minmay_the_grid_aliased_spiral,
          minmay_the_grid_tri_star], abyss_entry, pan_entry, hell_entry
Depths:3: hangedman_arrow_trap, layout_cave_shapes,
          infiniplex_staircase_zigzag_5, hell_entry, abyss_entry, serial_shops,
          nicolae_diamond_shop, grunt_decor_resistance, kennysheep_path_1,
          nicolae_evil_shop
Depths:4: grunt_zot_entry_gee_three, layout_gridville, enter_ziggurat_d,
          nrook_mini_vaults, abyss_entry_glasseish, pf_hell_entry_great_geh
Zot:1:    layout_basic, regret_index_zotdec_iron_s, st_large_dragon_hoard_2,
          uniq_grunn
Zot:2:    layout_misc_corridors, regret_index_zotdec_icy_dp, uniq_tiamat,
          uniq_vv, uniq_josephina
Zot:3:    layout_gridlike, hangedman_zot_diagonal_lockstep,
          regret_index_zot_stipple_split, uniq_parghit
Zot:4:    layout_onion, nicolae_zot_crop_circle, grunt_megastairs_5
Zot:5:    layout_cathedral_of_symmetry

Skill      XL: |  1  2  3  4  5  6  7  8  9 10 11 12 13 14 15 16 17 18 19 20 21 22 23 24 25 26 27 |
---------------+----------------------------------------------------------------------------------+-----
Fighting       | 1 2 3 4 5 6 9 11 13 14 16 18 19 20 | 20.0
Spellcasting   | 4 6 9 12 14 16 17 18 20 22 24 25 | 25.0
Conjurations   | 4 5 7 9 11 12 14 15 16 18 | 18.7
Hexes          | 4 5 7 9 11 12 14 15 16 18 | 18.7
Summonings     | 4 5 7 9 11 12 14 15 16 18 | 18.7
Necromancy     | 4 5 7 9 11 12 14 15 16 18 | 18.7
Translocations | 4 5 7 9 11 12 14 15 16 18 | 18.7
Fire Magic     | 4 5 7 9 11 12 14 15 16 18 | 18.7
Ice Magic      | 4 5 7 9 11 12 14 15 16 18 | 18.7
Air Magic      | 4 5 7 9 11 12 14 15 16 18 | 18.7
Earth Magic    | 4 5 7 9 11 12 14 15 17 20 21 | 21.6
Alchemy        | 4 5 7 9 11 12 14 15 16 18 | 18.7
Invocations    | 4 7 10 12 14 15 16 19 22 | 22.5
Dodging        | 5 10 13 15 | 15.0
Shields        | 1 7 11 13 14 15 17 19 20 21 24 | 24.5
Armour         | 6 10 13 17 | 17.3
Stealth        | |  1.5

Action                     |  1- 3 |  4- 6 |  7- 9 | 10-12 | 13-15 | 16-18 | 19-21 | 22-24 | 25-27 || total
---------------------------+-------+-------+-------+-------+-------+-------+-------+-------+-------++-------
  Melee: Staff             |       |       |       |     1 |     1 |     2 |       |     3 |     6 ||    13
  Throw: Stone             |     1 |       |       |       |       |       |       |       |       ||     1
         Dart              |       |     3 |       |     3 |       |       |       |       |       ||     6
         Throwing net      |       |       |       |       |     1 |     1 |     5 |     1 |     2 ||    10
   Cast: Sandblast         |    40 |    34 |     2 |       |       |       |       |       |       ||    76
         Stone Arrow       |       |    21 |    92 |   259 |   388 |   671 |   468 |   332 |   266 ||  2497
         Passwall          |       |     4 |       |       |       |       |       |       |       ||     4
         Jinxbite          |       |     1 |       |       |       |       |       |       |       ||     1
         Vampiric Draining |       |       |     7 |     6 |       |       |       |       |       ||    13
         Hailstorm         |       |       |       |     7 |     5 |       |       |       |       ||    12
         Brom's Barrelling |       |       |       |     2 |    15 |       |       |       |       ||    17
         Summon Lightning  |       |       |       |    14 |    29 |    17 |    36 |     7 |       ||   103
         Irradiate         |       |       |       |       |    89 |    24 |     9 |    13 |    22 ||   157
         Eringya's Noxious |       |       |       |       |    16 |    13 |    40 |    11 |     1 ||    81
         Ozocubu's Refrige |       |       |       |       |       |       |   296 |   551 |   557 ||  1404
         Spellforged Servi |       |       |       |       |       |       |     3 |       |     1 ||     4
         Maxwell's Capacit |       |       |       |       |       |       |     1 |       |    14 ||    15
         Monstrous Menager |       |       |       |       |       |       |       |    13 |    18 ||    31
         Ignition          |       |       |       |       |       |       |       |       |   225 ||   225
 Invoke: Major Destruction |       |       |       |       |       |     1 |     2 |       |     8 ||    11
         Greater Servant o |       |       |       |       |       |       |     2 |     1 |    20 ||    23
  Evoke: Phial of floods   |       |       |       |       |     1 |     1 |     2 |       |     1 ||     5
         Wand              |       |       |       |       |     1 |       |     3 |       |       ||     4
         Condenser vane    |       |       |       |       |       |       |     1 |       |       ||     1
    Use: Scroll            |     5 |     1 |     5 |     8 |    16 |     3 |     7 |     6 |    17 ||    68
         Potion            |       |       |       |     2 |     4 |     8 |     3 |     1 |    27 ||    45
 Armour: Robe              |     3 |       |       |    68 |     1 |       |       |       |       ||    72
         Leather armour    |       |    13 |     9 |    28 |       |       |       |       |       ||    50
         Skin              |       |       |       |     4 |       |       |       |       |       ||     4
         Ring mail         |       |       |       |       |   106 |   157 |   199 |   206 |   300 ||   968
  Dodge: Dodged            |     2 |    14 |    10 |    54 |    67 |   146 |   135 |   128 |   250 ||   806
  Block: Buckler           |       |       |       |     5 |     6 |       |       |       |       ||    11
         Kite shield       |       |       |       |       |    32 |       |       |       |       ||    32
         Tower shield      |       |       |       |       |    52 |   312 |   283 |   344 |   568 ||  1559
